 Dungeon Crawl Stone Soup version 0.29-a0-1009-g60c99734e7 (webtiles) character file.

Game seed: 16501578731050107798

114 nickcage the Magician (level 5, -2/35 HPs)
             Began as a Djinni Hedge Wizard on Aug 8, 2022.
             Was an Initiate of Gozag.
             Slain by a goblin
             ... wielding a +0 dagger
             ... led by Robin
              (3 damage)
             ... on level 4 of the Dungeon.
             The game lasted 00:12:05 (4174 turns).

nickcage the Magician (Djinni Hedge Wizard)         Turns: 4174, Time: 00:12:06

Health: -2/35      AC:  3    Str:  9    XL:     5   Next: 19%
Gold:   427        EV: 12    Int: 17    God:    Gozag SH:  0 Dex: 13

rFire   + + .      SeeInvis .   e - +1 rapier
rCold   x . .      Faith    .   (no shield)
rNeg    . . .      Spirit   .   b - +0 robe
rPois   ∞          Reflect  .   c - +1 hat
rElec   .          Harm     .   (no cloak)
rCorr   .          Rampage  .   (no gloves)
Will    .....                   (boots unavailable)
Stlth   ++........              (no amulet)
HPRegen 0.11/turn               (no ring)
MPRegen 0.00/turn               (no ring)

@: gold aura, flying
A: sickness immunity, fire resistance 2, cold vulnerability 1, float, innate
caster, HP casting, extra vitality 1
a: Renounce Religion, Potion Petition, Call Merchant, Bribe Branch


You were on level 4 of the Dungeon.
You worshipped Gozag.
Gozag was aware of your devotion.
You visited 1 branch of the dungeon, and saw 4 of its levels.

You collected 431 gold pieces.
You paid 4 gold pieces to Gozag.

Inventory:

Hand Weapons
 a - a +0 dagger
 e - a +1 rapier (weapon)
Armour
 b - a +0 robe (worn)
 c - a +1 hat (worn)
Jewellery
 h - a ring of willpower
Scrolls
 i - a scroll of identify
 n - a scroll of enchant weapon
 q - a scroll of magic mapping
Potions
 d - 2 potions of lignification
 f - a potion of invisibility
 g - a potion of attraction {unknown}
 j - a potion of magic {unknown}
 o - 3 potions of brilliance
 p - a potion of curing {unknown}


   Skills:
 - Level 2.2 Dodging
 - Level 1.5 Stealth
 + Level 4.2 Spellcasting


You couldn't memorise any spells.
You knew the following spells:

 Your Spells              Type           Power      Damage    Failure   Level
a - Magic Dart            Conj           72%        1d6       2%          1
b - Blink                 Tloc           36%        N/A       4%          2
c - Call Imp              Summ           18%        N/A       4%          2
d - Slow                  Hex            72%        N/A       2%          1
e - Conjure Flame         Conj/Fire      18%        6-21      8%          3
f - Mephitic Cloud        Conj/Pois/Air  18%        N/A       8%          3
g - Sting                 Tmut/Pois      72%        1d6       2%          1
h - Ensorcelled Hibernat  Hex/Ice        36%        N/A       4%          2
Your spell library was empty.

Dungeon Overview and Level Annotations

Branches:
Dungeon (4/15)
 Temple: D:4-7

Altars:
Gozag


Innate Abilities, Weirdness & Mutations

You are immune to sickness and miasma.
You are immune to poison.
Your flesh is very heat resistant. (rF++)
You are vulnerable to cold. (rC-)
You float through the air rather than walking.
You learn spells naturally, not from books.
Your magical power is your life essence.
You have superior vitality. (+4 MHP)


Message History

Press: ? - help, Q - select action, (/) - cycle Shift-Dir - straight line, f/p - Robin
Aim: Robin, wielding a +0 club, wearing a +0 animal skin and wearing a +0 helmet (heavily wounded, 100% to hit)
The magic dart hits Robin but does no damage.
Robin is heavily wounded.
A goblin comes into view. It is wielding a +0 dagger.
Robin is distracted by your dazzling golden aura.
A goblin comes into view. It is wielding a +0 club.
You hit Robin.
Robin is no longer distracted by gold.
Robin is heavily wounded.
Robin throws the goblin at you!
A hobgoblin comes into view.
The goblin is distracted by your dazzling golden aura.
The goblin unwields a +0 sling.
The goblin wields a +0 dagger.
The goblin barely misses you.
The goblin shouts!
The hobgoblin shouts!
You hit Robin.
Robin is severely wounded.
Robin throws the goblin at you! The goblin barely misses you.
Robin hits you with a +0 club.
You hit Robin.
Robin is severely wounded.
The goblin hits you but does no damage.
You barely miss Robin.
Robin is severely wounded.
The goblin is no longer distracted by gold.
The goblin hits you with a +0 dagger. x2
* * * LOW HITPOINT WARNING * * *
The goblin hits you but does no damage.
You hit Robin.
You kill Robin!
The goblin no longer looks unusually strong.
The goblin hits you but does no damage. The goblin hits you with a +0 dagger.
* * * LOW HITPOINT WARNING * * *
You hit the hobgoblin.
The hobgoblin is heavily wounded.
The goblin hits you but does no damage. The hobgoblin hits you.
* * * LOW HITPOINT WARNING * * *
The goblin hits you with a +0 dagger.
You die...
Your body crumbles into a pile of gold.

###########
#gg.......#
#@#######.#
#g# #.####
#g$...gg#
#....#
#......g#
#.##.#
....###.#
#.##.# #.#
#.# #.##.#
# #.#####
#.##.##
#......
..##..# ###
#.#######>#


You could see a hobgoblin (strong) and 5 goblins.

Vanquished Creatures
  Robin (D:4)
  4 adders
  A dart slug (D:3)
  8 bats
  7 endoplasms
  3 giant cockroaches
  7 hobgoblins
  4 jackals (D:1)
  3 kobolds
  3 quokkas (D:1)
  4 frilled lizards
  10 goblins
  5 rats
60 creatures vanquished.

Notes
Turn   | Place    | Note
-------+----------+-------------------------------------------
     0 | D:1      | nickcage the Djinni Hedge Wizard began the quest for the
                  | Orb.
     0 | D:1      | nickcage set off with the following spells memorised: Magic
                  | Dart, Blink, Call Imp, Slow, Conjure Flame, Mephitic Cloud.
     0 | D:1      | Reached XP level 1. HP: 15/15 MP: 0/0
    31 | D:1      | Found an opulent altar of Gozag.
   368 | D:1      | Reached XP level 2. HP: 20/21 MP: 0/0
   672 | D:1      | Became a worshipper of Gozag Ym Sagoz the Greedy
   706 | D:1      | Reached skill level 3 in Spellcasting
   904 | D:1      | Reached XP level 3. HP: 4/25 MP: 0/0
   904 | D:1      | Learned a level 1 spell: Sting
  1174 | D:1      | Found a faded altar of an unknown god.
  2672 | D:2      | Reached XP level 4. HP: 29/31 MP: 0/0
  3749 | D:3      | Reached skill level 4 in Spellcasting
  4046 | D:4      | Noticed a necrophage
  4069 | D:4      | Reached XP level 5. HP: 33/35 MP: 0/0
  4069 | D:4      | Learned a level 2 spell: Ensorcelled Hibernation
  4158 | D:4      | Noticed Robin
  4173 | D:4      | Killed Robin
  4174 | D:4      | HP: 1/35 [hobgoblin[Robin] (4)]
  4174 | D:4      | Slain by a goblin

Illustrated notes

Levels and vault maps discovered:
D:1:      dpeg_arrival_lava_altar, layout_basic, shapermc_ecumenical_altar_venn
D:2:      layout_loops_corners, st_stairs_10, minmay_heptomino_l4
D:3:      layout_basic, hex_tiny, minmay_misc_feat_plants
D:4:      layout_loops_ring, uniq_grinder, uniq_eustachio, uniq_robin,
          uniq_crazy_yiuf_cottage

Skill      XL: |  1  2  3  4 |
---------------+-------------+-----
Spellcasting   | 3 4 |  4.2
Dodging        | |  2.2
Stealth        | |  1.5

Action                   |  1- 3 |  4- 6 || total
-------------------------+-------+-------++-------
Melee: Dagger            |     3 |       ||     3
       Rapier            |       |     9 ||     9
 Cast: Magic Dart        |    83 |    65 ||   148
       Slow              |       |     1 ||     1
  Use: Scroll            |       |    11 ||    11
Armor: Robe              |     5 |    16 ||    21
Dodge: Dodged            |     8 |    11 ||    19

Table legend: (Time is in decaauts)
 A = Elapsed time spent in this place.
 B = Non-inter-level travel time spent in this place.
 C = Inter-level travel time spent in this place.
 D = Time resting spent in this place.
 E = Time spent auto-exploring this place.
 F = Levels seen in this place.
 G = Mean time per level.
                   A        B        C        D        E       F      G
               +--------+--------+--------+--------+--------+-----+--------+
         Total |   4174 |   4019 |    155 |      0 |   3678 |   4 | 1043.5 |
       Dungeon |   4174 |   4019 |    155 |      0 |   3678 |   4 | 1043.5 |
               +--------+--------+--------+--------+--------+-----+--------+

Top non-repeatable levels by time:
     D:1: 1735 daAuts
     D:2: 1447 daAuts
     D:3: 819 daAuts
     D:4: 172 daAuts
